 Seeded DCSS version 0.25.1-2-g60ff931df9 (webtiles) character file.

Game seed: 6655593379944419050 (custom seed)

2824 dduke the Slicer (level 10, 0/56 HPs)
             Began as a Kobold Fighter on Oct 23, 2020.
             Was an Initiate of Nemelex Xobeh.
             Slain by an orc warrior
             ... wielding a +0 flail
              (12 damage)
             ... on level 7 of the Dungeon.
             The game lasted 00:25:14 (7544 turns).

dduke the Slicer (Kobold Fighter)                   Turns: 7544, Time: 00:25:14

Health: 0/56       AC: 14    Str: 15    XL:     10   Next: 3%
Magic:  10/10      EV: 15    Int: 13    God:    Nemelex Xobeh [......]
Gold:   360        SH:  9    Dex: 15    Spells: 9/9 levels left

rFire    . . .     SeeInvis .   g - +4 dagger (protect)
rCold    . . .     Gourm    .   c - +0 kite shield
rNeg     . . .     Faith    .   i - +0 scale mail (curse)
rPois    .         Spirit   .   (no helmet)
rElec    .         Reflect  .   (no cloak)
rCorr    .         Harm     .   n - +0 pair of gloves (curse)
MR       .....                  (no boots)
Stlth    ++........             q - amulet of regeneration
HPRegen  0.58/turn              (no ring)
MPRegen  0.12/turn              (no ring)

@: protection aura
A: small, blink, carnivore, clever 1, MP-powered wands
a: Blink, Draw Escape, Draw Destruction, Draw Summoning, Renounce Religion


You were on level 7 of the Dungeon.
You worshipped Nemelex Xobeh.
Nemelex Xobeh was noncommittal.
You were completely stuffed.

You visited 2 branches of the dungeon, and saw 8 of its levels.

You collected 360 gold pieces.

Inventory:

Hand Weapons
 a - a +0 rapier
 g - a +4 dagger of protection (weapon)
 o - a +1 rapier of venom
Armour
 b - a +2 scale mail
 c - a +0 kite shield (worn)
 i - a cursed +0 scale mail (worn)
 n - a cursed +0 pair of gloves (worn)
 s - +0 acid dragon scales
Jewellery
 q - an amulet of regeneration (around neck)
Wands
 p - a wand of paralysis (11)
 u - a wand of digging (4)
Scrolls
 e - 2 scrolls of magic mapping
 h - 2 scrolls of immolation
 l - a scroll of teleportation
 m - a scroll of enchant armour
 r - a scroll of blinking
 t - 3 scrolls of identify
 v - 2 scrolls of remove curse {unknown}
 w - a scroll of enchant weapon
Potions
 d - 2 potions of might
 j - 3 potions of lignification
 k - 2 potions of haste
 x - a potion of curing
Comestibles
 f - 13 rations
 z - a chunk of flesh


   Skills:
 - Level 3.7 Fighting
 * Level 11.6 Short Blades
 - Level 2.5 Armour
 * Level 9.7 Dodging
 * Level 6.2 Stealth
 - Level 2.4 Shields


You had 9 spell levels left.
You didn't know any spells.
Your spell library was empty.

Dungeon Overview and Level Annotations

Branches:
Dungeon (7/15)             Temple (1/1) D:5

Altars:
Ashenzari
Cheibriados
Elyvilon
Fedhas
Gozag
Hepliaklqana
Kikubaaqudgha
Makhleb
Nemelex Xobeh
Okawaru
Ru
Sif Muna
Trog
Wu Jian
Yredelemnul

Shops:
D:5 *   D:7 (

Annotations:
D:6 3 runed translucent doors, Inchmeat's ghost, novice HOGl


Innate Abilities, Weirdness & Mutations

You are small and have problems with some larger weapons.
You are carnivorous and can eat meat at any time.
You can translocate small distances at will.
Your mind is acute. (Int +2)
You expend magic power (3 MP) to strengthen your wands.


Message History

The orc wizard mumbles some strange words.
The orc wizard flickers and vanishes!
Deactivating autopickup; reactivate with Ctrl-A.
You see here a stone.
Your shield and scale mail prevent you from hitting the orc warrior.
The orc warrior is moderately wounded.
You hit the orc warrior but do no damage.
Your weapon exudes an aura of protection.
The orc warrior is moderately wounded.
The orc warrior hits you with a +0 flail!
* * * LOW HITPOINT WARNING * * *
You hit the orc warrior but do no damage.
The orc warrior is moderately wounded.
The orc hits you.
* * * LOW HITPOINT WARNING * * *
You barely miss the orc warrior.
The orc warrior is moderately wounded.
The orc warrior hits you with a +0 flail!
You die...
Your body disappears without a glow.

<.#.#...(..#####....##.....#####.
....##.##..# ##............#...
.#.....#...######.#..........#...
>#.....#.#.....##.(......|...#...
.#.......#.###.####.##########...
.#.#.............##(# .... #...
##.#.......##.##.##.# ..... #[..
##....#....##...o#.(##...... #...
..##..#.#....#..@o..o[...... #...
#.##..#.##.#.#.#.#...#...... #...
###<#....#.#...#..## ..... #...
..#..#.#####.... #'## ##..
##.#....# #..#.# # #.. )....#
####.# #.. ###.##..... # #.. #...
#....## ### #.# ##.....


You could see an orc warrior and 2 orcs.

Vanquished Creatures
  Maggie (D:6)
  A hippogriff (D:7)
  2 hungry ghosts
  A water moccasin (D:6)
  Duvessa (D:5)
  An orc warrior (D:6)
  An ice beast (D:6)
  An ogre (D:7)
  A black bear (D:7)
  3 phantoms
  A centaur (D:7)
  A bullfrog (D:6)
  Dowan (D:5)
  3 scorpions
  3 killer bees (D:7)
  2 howler monkeys
  A crimson imp (D:7)
  4 hounds
  A jelly (D:5)
  2 orc priests
  A centaur skeleton (D:6)
  An iguana (D:7)
  4 orc wizards
  3 worker ants
  11 adders
  4 gnolls (D:4)
  A shadow imp (D:5)
  2 oozes
  A worm (D:6)
  2 dart slugs
  7 leopard geckos
  15 orcs
  2 ball pythons
  2 giant cockroaches
  4 hobgoblins
  8 jackals
  5 kobolds
  5 quokkas
  5 bats
  5 frilled lizards
  11 goblins
  A jackal skeleton (D:5)
  A quokka skeleton (D:6)
  4 rats
137 creatures vanquished.

Vanquished Creatures (collateral kills)
  A bullfrog (D:6)
  An orc (D:6)
2 creatures vanquished.

Vanquished Creatures (others)
  An orc wizard (D:6)
1 creature vanquished.

Grand Total: 140 creatures vanquished

Notes
Turn   | Place    | Note
-------+----------+-------------------------------------------
     0 | D:1      | dduke the Kobold Fighter began the quest for the Orb.
     0 | D:1      | Reached XP level 1. HP: 14/14 MP: 1/1
   133 | D:1      | Reached XP level 2. HP: 16/20 MP: 2/2
   198 | D:1      | Reached skill level 3 in Short Blades
   640 | D:1      | Reached XP level 3. HP: 24/24 MP: 3/3
   755 | D:1      | Reached skill level 1 in Stealth
   990 | D:2      | Reached skill level 1 in Dodging
  1109 | D:2      | Reached skill level 4 in Short Blades
  1109 | D:2      | Reached XP level 4. HP: 12/29 MP: 4/4
  1609 | D:2      | You fall into a shaft and drop 2 floors!
  1764 | D:4      | Reached XP level 5. HP: 24/33 MP: 5/5
  1795 | D:4      | Reached skill level 5 in Short Blades
  2295 | D:2      | Reached XP level 6. HP: 33/38 MP: 6/6
  2745 | D:3      | Reached skill level 6 in Short Blades
  3028 | D:3      | Gained mutation: You can translocate small distances at
                  | will. [potion of mutation]
  3028 | D:3      | Gained mutation: Your mind is acute. (Int +2) [potion of
                  | mutation]
  3028 | D:3      | Gained mutation: You expend magic power (3 MP) to
                  | strengthen your wands. [potion of mutation]
  4461 | D:5      | Entered Level 5 of the Dungeon
  4509 | D:5      | Reached XP level 7. HP: 37/42 MP: 7/7
  4596 | D:5      | Noticed Dowan
  4599 | D:5      | Noticed Duvessa
  4625 | D:5      | Killed Duvessa
  4625 | D:5      | Reached skill level 7 in Short Blades
  4631 | D:5      | Killed Dowan
  4862 | D:5      | Reached skill level 5 in Dodging
  5030 | D:5      | Found a staircase to the Ecumenical Temple.
  5034 | D:5      | Noticed a hungry ghost
  5054 | D:5      | Killed a hungry ghost
  5054 | D:5      | Reached skill level 8 in Short Blades
  5054 | D:5      | Reached XP level 8. HP: 43/48 MP: 8/8
  5071 | Temple   | Entered the Ecumenical Temple
  5157 | Temple   | Became a worshipper of Nemelex Xobeh the Trickster
  5601 | D:5      | Received a gift from Nemelex Xobeh
  5604 | D:5      | Found Ysen's General Store.
  5919 | D:6      | Found a runed translucent gate.
  5919 | D:6      | Found a runed translucent gate.
  5919 | D:6      | Found a runed translucent gate.
  5955 | D:6      | Noticed Maggie
  5970 | D:6      | Noticed Inchmeat's ghost (novice HOGl)
  5996 | D:6      | Killed Maggie
  5996 | D:6      | Reached skill level 9 in Short Blades
  6211 | D:6      | Reached skill level 5 in Stealth
  6211 | D:6      | Reached XP level 9. HP: 41/52 MP: 9/9
  6221 | D:6      | Reached skill level 10 in Short Blades
  6996 | D:7      | Found Oghasm's Weapon Boutique.
  7036 | D:7      | Reached skill level 11 in Short Blades
  7356 | D:7      | Received a gift from Nemelex Xobeh
  7370 | D:7      | Noticed a hippogriff
  7404 | D:7      | Killed a hippogriff
  7441 | D:7      | Reached XP level 10. HP: 54/56 MP: 10/10
  7544 | D:7      | Slain by an orc warrior

Illustrated notes

Levels and vault maps discovered:
D:1:      tarquinn_simple_flora_water_f, layout_basic
D:2:      layout_basic, chequers_serial_rivers_marsh, hex_intersection
D:3:      layout_basic, first_ration
D:4:      layout_gridville
D:5:      layout_loops_ring, minmay_temple_entry_mini_moons, serial_shops, shop,
          uniq_duvessa
D:6:      layout_basic, gammafunk_ghost_nasty_kobolds, serial_bayou_pond_d,
          uniq_maggie
D:7:      layout_basic, nicolae_overflow_hidden_temple, serial_shops, shop
Temple:   regret_index_temple_sigil_plot

Skill      XL: |  1  2  3  4  5  6  7  8  9 |
---------------+----------------------------+-----
Short Blades   | 3 4 5 6 8 9 11 | 11.6
Stealth        | 1 2 3 4 5 6 |  6.2
Dodging        | 1 2 3 5 7 9 |  9.7
Fighting       | |  3.7
Armour         | |  2.5
Shields        | |  2.4

Action                   |  1- 3 |  4- 6 |  7- 9 | 10-12 || total
-------------------------+-------+-------+-------+-------++-------
Melee: Rapier            |    38 |       |       |       ||    38
       Dagger            |    57 |   306 |   598 |    34 ||   995
Invok: Draw Summoning    |       |       |     1 |       ||     1
  Use: Scroll            |     5 |     9 |     2 |       ||    16
       Potion            |     1 |     1 |     2 |       ||     4
 Stab: Distracted        |       |       |     2 |       ||     2
  Eat: Chunk             |     9 |     9 |    18 |     7 ||    43
       Ration            |       |       |     1 |       ||     1
Armor: Scale mail        |    60 |   122 |   160 |     2 ||   344
Dodge: Dodged            |    35 |   135 |   214 |    13 ||   397
Block: Kite shield       |    74 |   180 |   189 |     8 ||   451
